 Dungeon Crawl Stone Soup version 0.30.0-18-gc0e69614cb (webtiles) character file.

Game seed: 13487827307419670321

30 KittyFluff the Trooper (level 3, -2/24 HPs)
             Began as a Gargoyle Berserker on May 24, 2023.
             Was a Follower of Trog.
             Slain by a worm (4 damage)
             ... on level 2 of the Dungeon.
             The game lasted 00:04:10 (894 turns).

KittyFluff the Trooper (Gargoyle Berserker)          Turns: 894, Time: 00:04:10

Health: -2/24      AC:  5    Str: 20    XL:     3   Next: 20%
Magic:  3/3        EV: 12    Int: 13    God:    Trog [*.....]
Gold:   29         SH:  0    Dex: 11    Spells: 2/2 levels left

rFire   . . .        a - +0 mace
rCold   . . .        (no shield)
rNeg    + . .        b - +0 animal skin
rPois   ∞            (no helmet)
rElec   +            (no cloak)
rCorr   .            (no gloves)
SInv    .            (no boots)
Will    .....        (no amulet)
Stlth   +            j - +6 ring of intelligence
HPRegen 0.24/turn    (no ring)
MPRegen 0.08/turn

%: no passive effects
@: no status effects
A: sickness immunity, AC +3, negative energy resistance 1, electricity
resistance, torment resistance 1, petrification resistance
a: Renounce Religion, Berserk


You were on level 2 of the Dungeon.
You worshipped Trog.
Trog was aware of your devotion.
You visited 1 branch of the dungeon, and saw 2 of its levels.

You collected 29 gold pieces.

Inventory:

Hand Weapons
 a - a +0 mace (weapon)
Missiles
 d - 2 stones (quivered)
Armour
 b - a +0 animal skin (worn)
Jewellery
 j - a +6 ring of intelligence (left hand)
Scrolls
 e - a scroll of vulnerability {unknown}
 f - a scroll of blinking {unknown}
 g - 2 scrolls of identify {unknown}
 k - a scroll of magic mapping {unknown}
Potions
 c - 2 potions of curing {unknown}
 h - 2 potions of heal wounds {unknown}
 i - a potion of berserk rage {unknown}


   Skills:
 + Level 3.8 Fighting
 + Level 3.6 Maces & Flails
 + Level 2.4 Armour
 + Level 1.6 Dodging
 + Level 0.2 Stealth


You had 2 spell levels left.
You didn't know any spells.
Your spell library was empty.

Dungeon Overview and Level Annotations

Branches:
Dungeon (2/15)

Altars:
Makhleb


Innate Abilities, Weirdness & Mutations

You are immune to sickness and miasma.
Your stone body is resilient. (AC +3)
You are immune to poison.
You resist negative energy. (rN+)
You are resistant to electric shocks. (rElec)
You are resistant to unholy torment.
You are immune to petrification.


Message History

The endoplasm freezes you.
You are frozen.
You hit the endoplasm.
The endoplasm is almost dead.
The endoplasm freezes you.
You are frozen.
You barely miss the endoplasm.
The endoplasm is almost dead.
The endoplasm closely misses you.
You hit the endoplasm but do no damage.
The endoplasm is almost dead.
The endoplasm misses you.
You hit the endoplasm but do no damage.
The endoplasm is almost dead.
The endoplasm completely misses you. The endoplasm freezes you.
You are frozen.
You hit the endoplasm but do no damage.
The endoplasm is severely wounded.
The endoplasm hits you but does no damage.
You completely miss the endoplasm.
The endoplasm is severely wounded.
The endoplasm closely misses you.
You hit the endoplasm.
You kill the endoplasm!
Trog accepts your kill.
The goblin shoots a sling bullet.
The sling bullet hits you.
The goblin unwields a +0 sling.
The goblin wields a +0 dagger.
The goblin closely misses you. The worm bites you.
The goblin unwields a +0 dagger.
The goblin wields a +0 sling.
The goblin shoots a sling bullet.
The sling bullet misses you.
You barely miss the worm. The worm bites you!
* * * LOW HITPOINT WARNING * * *
You hit the worm but do no damage. The worm closely misses you.
You hit the worm.
The worm is moderately wounded.
You sock the worm!
The worm is almost dead.
The worm bites you.
You die...

...........# ..........#
.# ..........# .#
##........# .# #........#
#.##### . ##.......#
......# ..####.......#
......#
.......<.....#####......#
...........)....@wg.....#
...............###......#
...#####.......# ......#
..........._...# #######
..##...........#
#...........#
#........#### #........#
########.#


You could see a worm and a goblin.

Vanquished Creatures
  A worm (D:2)
  3 ball pythons (D:1)
  3 endoplasms (D:2)
  5 goblins
  3 hobgoblins (D:1)
  A quokka (D:1)
  5 bats (D:1)
  A frilled lizard (D:1)
  A rat (D:1)
23 creatures vanquished.

Notes
Turn   | Place    | Note
-------+----------+-------------------------------------------
     0 | D:1      | KittyFluff the Gargoyle Berserker began the quest for the
                  | Orb.
     0 | D:1      | Reached XP level 1. HP: 14/14 MP: 1/1
   317 | D:1      | Reached XP level 2. HP: 19/20 MP: 2/2
   425 | D:1      | Found a faded altar of an unknown god.
   655 | D:2      | Found a burning altar of Makhleb.
   730 | D:2      | Reached XP level 3. HP: 3/24 MP: 3/3
   891 | D:2      | HP: 1/24 [worm (10)]
   894 | D:2      | Slain by a worm

Illustrated notes

Levels and vault maps discovered:
D:1:      minmay_arrival_five_plusses, layout_basic,
          nicolae_ecumenical_snake_handling
D:2:      layout_rooms, basic_altar

Action                     || total
---------------------------++-------
  Melee: Mace              ||    81
 Armour: Animal skin       ||    33
  Dodge: Dodged            ||    58
